cohdb
Replays
Latest Replays
All Replays
Popular Replays
Top Player Replays
Match Explorer
How It Works
Community
CoH3 Stats
Reddit
Sign in to upload your games and track your stats! →
Sign in with Steam
Match 20119275
Unlisted
Match 20119275
Overview
Messages
Build Orders
End
Construct Barracks
Selects Advanced Infantry Battlegroup
Selects Advanced Infantry Battlegroup
Selects Advanced Infantry Battlegroup
Selects Advanced Infantry Battlegroup
Selects Advanced Infantry Battlegroup
Selects Advanced Infantry Battlegroup
Riflemen Squad
Riflemen Squad
Riflemen Squad
Grenade Package
Selects Convert to Ranger Squad
Convert to Ranger Squad
Selects Frontline Medical Station
rooster
jackal2150
dirtycrisis
b1ackie360
company of idiots
pozoalexis1987
0
0
Comments
sign in to comment!
No comments posted yet!